 Dungeon Crawl Stone Soup version 0.19.5 (webtiles) character file.

6351 Wander the Covert (level 11, -29/79 HPs)
             Began as a Human Wanderer on Apr 1, 2017.
             Hit by a large rock thrown by a stone giant (44 damage)
             ... on level 8 of the Dungeon.
             The game lasted 00:34:40 (13452 turns).

Wander the Covert (Human Wanderer)                 Turns: 13452, Time: 00:34:41

Health: -29/79     AC:  6    Str: 15    XL:     11   Next: 17%
Magic:  11/11      EV: 14    Int: 12    God:
Gold:   491        SH:  4    Dex: 18    Spells: 0 memorised, 10 levels left

rFire  + + .     SeeInvis .     b - +3 dagger (venom)
rCold  + . .     Gourm    .     H - +2 robe {rC+}
rNeg   + . .     Faith    .     (no shield)
rPois  .         Spirit   .     (no helmet)
rElec  .         Reflect  +     (no cloak)
rCorr  .         Harm     .     j - +1 pair of gloves
MR     .....                    (no boots)
Stlth  ++++++....               I - +4 amulet of reflection
                                O - +1 ring of slaying
                                Q - ring of Free Will {*Slow rF++ rN+ Dex+4 Stlth+}

@: no status effects
A: no striking features
a: no special abilities


You were on level 8 of the Dungeon.
You were not hungry.

You visited 2 branches of the dungeon, and saw 10 of its levels.
You also visited: Sewer.

You collected 491 gold pieces.

Inventory:

Hand Weapons
 a - a +0 hand crossbow
 b - a +3 dagger of venom (weapon)
 n - a +0 flail
 U - a +0 dagger of chaos
Missiles
 d - 61 bolts
Armour
 f - a +0 chain mail
 j - a +1 pair of gloves (worn)
 m - a +0 leather armour
 A - a +3 plate armour of poison resistance
 H - a +2 robe of cold resistance (worn)
 N - a +0 robe of resistance
 T - a +1 robe of the Archmagi
Jewellery
 l - an uncursed amulet of magic regeneration
 D - a +5 ring of intelligence
 I - a +4 amulet of reflection (around neck)
 O - a +1 ring of slaying (right hand)
 P - an uncursed ring of magical power
 Q - the ring of Free Will (left hand) {*Slow rF++ rN+ Dex+4 Stlth+}
   (You found it on level 8 of the Dungeon)

   [ring of positive energy]

   It affects your dexterity (+4).
   It greatly protects you from fire.
   It protects you from negative energy.
   It may slow you when you take damage.
   It makes you more stealthy.
Wands
 s - a wand of teleportation (3/9)
 G - a wand of disintegration (12/24)
 J - a wand of paralysis (2/24)
 W - a wand of polymorph (12/24)
Scrolls
 c - 3 scrolls of fear
 h - 4 scrolls of remove curse
 o - 2 scrolls of amnesia {unknown}
 p - 3 scrolls of enchant armour
 r - a scroll of recharging {unknown}
 t - a scroll of teleportation
 w - 2 scrolls of enchant weapon {unknown}
 y - a scroll of noise {unknown}
 M - 3 scrolls of random uselessness {unknown}
 S - 2 scrolls of blinking
Potions
 e - 4 potions of lignification
 k - a potion of brilliance
 q - a potion of curing
 v - a potion of might
 x - a potion of flight
 C - a potion of cure mutation
 E - a potion of haste
 F - a potion of cancellation {unknown}
 K - a potion of degeneration {unknown}
 V - a potion of agility
Comestibles
 g - 5 bread rations
 i - 8 chunks of flesh
 u - 3 meat rations
 z - a beef jerky
 B - 4 fruits
 L - a royal jelly


   Skills:
 - Level 5.1 Fighting
 * Level 9.6 Short Blades
   Level 1.0 Bows
 - Level 5.0 Crossbows
 - Level 1.0 Armour
 + Level 4.0 Dodging
 * Level 12.0 Stealth
   Level 1.0 Shields
 - Level 1.0 Unarmed Combat


You had 10 spell levels left.
You didn't know any spells.

Dungeon Overview and Level Annotations

Branches:
Dungeon (9/15)             Temple (1/1) D:4
   Lair: D:8-11         Orc: D:9-12

Altars:
Ashenzari
Elyvilon
Fedhas
Gozag
Hepliaklqana
Kikubaaqudgha
Makhleb
Nemelex Xobeh
Sif Muna
Trog
Uskayaw
Vehumet
Xom
Yredelemnul

Annotations:
D:5 Menkaure


Message History

No target in view!
No target in view!
You start resting.
A stone giant comes into view.
You see here a yak skeleton.
You see here a yak corpse.
You butcher the yak corpse.
i - 8 chunks of flesh (gained 6)
You see here a yak skeleton.
The stone giant shouts!
The stone giant throws a large rock.
The large rock hits you!!
You see here a large rock.
The stone giant throws a large rock.
The large rock hits you!
You see here a large rock.
The stone giant hits you!!
* * * LOW HITPOINT WARNING * * *
The stone giant throws a large rock.
The large rock misses you.
The stone giant throws a large rock.
The large rock hits you!!!
Ouch! That really hurt!
You die...

#.###..........)...#...#.# #.##
#.............#.....<....# #.#
#..#####.[.........#.#...# #.#
#..# #...........#.#...#####.##
#..#####...........(.............
...................#.#.#.####..##
###.....#.#.#......#.#.#.# #..#
..........#.#..#...#.#.#.# #..#
#.#.....#.#.#..#@......#.# #.###
#.#.....#.#.#..#.#.#.#.#.# #....
#.#######.#.#..#.#.#.#.### ####.
....# #.#.#..C.#...#.#########.
)##.# #.#.#.(####÷.............
....# #.#.#..(..÷...........###
##..# #.#.#######...........#
⌠#..### #[#.# ##.#.######.###
......# #.#.# #(..##........


You could see a stone giant.

Vanquished Creatures
  Pikel (D:7)
  Joseph (D:7)
  Psyche (D:8)
  Grinder (D:5)
  A hornet (D:8)
  5 yaks (D:8)
  2 wyverns (D:8)
  A water moccasin (D:9)
  3 orc warriors (D:8)
  An eye of draining (D:8)
  2 ice beasts
  A sky beast (D:4)
  A slave (D:7)
  A necrophage (D:6)
  4 ogres
  2 centaurs (D:8)
  2 phantoms (D:8)
  5 bullfrogs
  A wyvern skeleton (D:8)
  3 scorpions
  5 wights (D:7)
  7 howler monkeys
  2 centaur zombies (D:7)
  4 crimson imps
  5 hounds
  A jelly (D:7)
  A quasit (D:7)
  4 orc priests (D:8)
  2 bullfrog skeletons
  7 orc wizards
  Terence (D:2)
  2 iguanas
  Natasha (thrice) (D:2)
  4 worker ants
  A worker ant zombie (D:6)
  13 adders
  A river rat (D:3)
  3 shadow imps
  3 oozes
  6 worms
  3 dart slugs
  9 leopard geckos
  28 orcs
  7 giant cockroaches
  13 goblins
  6 hobgoblins
  6 jackals (D:3)
  4 quokkas
  3 ball pythons
  2 bats
  8 frilled lizards
  A jackal zombie (D:8)
  15 kobolds
  14 rats
233 creatures vanquished.

Vanquished Creatures (others)
  3 slaves (D:7)
3 creatures vanquished.

Grand Total: 236 creatures vanquished

Notes
Turn   | Place    | Note
-------+----------+-------------------------------------------
     0 | D:1      | Wander the Human Wanderer began the quest for the Orb.
     0 | D:1      | Wander set off with: a scroll of fear, a scroll of blinking, a +0 hand crossbow, 22 bolts, a potion of lignification, a +0 robe, a bread ration
     0 | D:1      | Reached XP level 1. HP: 21/21 MP: 1/1
    77 | D:1      | Reached skill level 1 in Crossbows
    77 | D:1      | Reached XP level 2. HP: 27/27 MP: 2/2
   218 | D:1      | Reached XP level 3. HP: 33/33 MP: 3/3
   929 | D:2      | Noticed Terence
   947 | D:2      | Killed Terence
   947 | D:2      | Reached XP level 4. HP: 9/39 MP: 4/4
  1383 | D:2      | Noticed Natasha
  1384 | D:2      | Killed Natasha
  1390 | D:2      | Reached XP level 5. HP: 37/44 MP: 5/5
  1445 | D:2      | Noticed Natasha
  1455 | D:2      | Killed Natasha
  1529 | D:2      | Reached skill level 1 in Short Blades
  2026 | D:2      | Noticed Natasha
  2031 | D:2      | Killed Natasha
  2369 | D:3      | Reached XP level 6. HP: 51/51 MP: 6/6
  2465 | D:3      | Reached skill level 5 in Crossbows
  2714 | D:3      | Found a glowing drain.
  2735 | Sewer    | Entered a sewer
  3876 | D:4      | Reached XP level 7. HP: 56/56 MP: 7/7
  3957 | D:4      | Reached skill level 2 in Stealth
  4321 | D:4      | Reached skill level 3 in Stealth
  4631 | D:4      | Found a staircase to the Ecumenical Temple.
  4640 | Temple   | Entered the Ecumenical Temple
  4812 | D:5      | Entered Level 5 of the Dungeon
  4817 | D:5      | Noticed Grinder
  4826 | D:5      | Paralysed by Grinder for 3 turns
  5046 | D:5      | Paralysed by Grinder for 4 turns
  5048 | D:5      | Killed Grinder
  5048 | D:5      | Reached skill level 5 in Short Blades
  5048 | D:5      | Reached XP level 8. HP: 24/62 MP: 8/8
  5332 | D:5      | Reached skill level 4 in Stealth
  5496 | D:5      | Noticed Menkaure
  5534 | D:5      | HP: 2/62 [Menkaure (11)]
  6463 | D:6      | Paralysed by a crimson imp for 5 turns
  6479 | D:6      | Paralysed by a crimson imp for 2 turns
  6691 | D:6      | Reached skill level 5 in Stealth
  7017 | D:7      | Noticed Joseph
  7051 | D:7      | HP: 1/62 [something (9)]
  7053 | D:7      | Killed Joseph
  7053 | D:7      | Reached skill level 1 in Dodging
  7053 | D:7      | Reached skill level 6 in Stealth
  7053 | D:7      | Reached XP level 9. HP: 12/68 MP: 9/9
  7418 | D:7      | Noticed Pikel
  7552 | D:7      | Killed Pikel
  7552 | D:7      | Reached skill level 7 in Stealth
  7690 | D:7      | Reached skill level 8 in Stealth
  8572 | D:7      | Reached skill level 9 in Stealth
  8572 | D:7      | Reached XP level 10. HP: 43/74 MP: 10/10
  9065 | D:8      | Got a transparent tin ring
  9097 | D:8      | Identified the ring of Free Will {*Slow rF++ rN+ Dex+4 Stlth+} (You found it on level 8 of the Dungeon)
  9169 | D:8      | Reached skill level 10 in Stealth
  9241 | D:8      | Paralysed by a hornet for 1 turns
  9547 | D:8      | Noticed Psyche
  9594 | D:8      | Killed Psyche
  9794 | D:8      | Found a shattered altar of Ashenzari.
  9923 | D:8      | Reached skill level 11 in Stealth
 11794 | D:8      | Reached XP level 11. HP: 56/79 MP: 11/11
 13328 | D:8      | Reached skill level 12 in Stealth
 13440 | D:8      | Noticed a stone giant
 13452 | D:8      | Hit by a large rock thrown by a stone giant

Skill      XL: |  1  2  3  4  5  6  7  8  9 10 11 |
---------------+----------------------------------+-----
Crossbows      | 1 2 3 4 5 |  5.0
Short Blades   | 2 3 5 7 9 |  9.6
Stealth        | 3 6 9 11 12 | 12.0
Dodging        | 1 3 4 |  4.0
Fighting       | |  5.1
Bows           | |  1.0
Armour         | |  1.0
Shields        | |  1.0
Unarmed Combat | |  1.0

Action                   |  1- 3 |  4- 6 |  7- 9 | 10-12 || total
-------------------------+-------+-------+-------+-------++-------
Melee: Dagger            |       |   173 |   383 |   361 ||   917
       Punch             |       |     2 |     2 |     1 ||     5
 Fire: Hand crossbow     |    53 |    86 |    10 |       ||   149
  Use: Potion            |     1 |       |     6 |     5 ||    12
       Scroll            |       |     2 |     2 |     4 ||     8
 Stab: Sleeping          |       |     2 |    15 |     7 ||    24
       Distracted        |       |       |       |     4 ||     4
  Eat: Chunk             |       |     9 |    15 |    16 ||    40
Armor: Leather armour    |     4 |    38 |    31 |       ||    73
       Skin              |     1 |       |       |       ||     1
       Robe              |       |       |    41 |    47 ||    88
Dodge: Dodged            |     9 |    81 |   118 |   168 ||   376
Block: Other             |       |       |    31 |    39 ||    70
